 Dungeon Crawl Stone Soup version 0.28-a0-604-g249bb1af34 (webtiles) character file.

Game seed: 5673326331950626697

1574 Gargoyl the Skirmisher (level 8, -4/67 HPs)
             Began as a Gnoll Abyssal Knight on Oct 5, 2021.
             Was a Priest of Lugonu.
             Slain by an ogre (8 damage)
             ... on level 5 of the Dungeon.
             The game lasted 00:06:59 (6322 turns).

Gargoyl the Skirmisher (Gnoll Abyssal Knight)       Turns: 6322, Time: 00:06:59

Health: -4/67      AC: 16    Str: 14    XL:     8   Next: 90%
Magic:  13/13      EV:  8    Int:  8    God:    Lugonu [***...]
Gold:   213        SH:  0    Dex: 15    Spells: 14/14 levels left

rFire   . . .      SeeInvis .   a - +3 hand axe
rCold   . . .      Faith    .   (no shield)
rNeg    + . .      Spirit   .   c - +1 chain mail
rPois   .          Reflect  .   (no helmet)
rElec   .          Harm     .   (no cloak)
rCorr   .          Rampage  .   (no gloves)
Will    +....                   (no boots)
Stlth   ..........              (no amulet)
HPRegen 0.21/turn               h - +4 ring of protection
MPRegen 0.13/turn               r - ring of positive energy

@: no status effects
A: fangs 1, strong nose, distributed training, agile 1, dopey 1, strong-willed
1, shaggy fur 1, subdued magic 1
a: Renounce Religion, Depart the Abyss, Bend Space, Banish


You were on level 5 of the Dungeon.
You worshipped Lugonu.
Lugonu was most pleased with you.
You visited 1 branch of the dungeon, and saw 6 of its levels.
You visited the Abyss 1 time.

You collected 213 gold pieces.

Inventory:

Hand Weapons
 a - a +3 hand axe (weapon)
Missiles
 t - 2 poisoned darts (quivered)
Armour
 c - a +1 chain mail (worn)
Jewellery
 h - a +4 ring of protection (left hand)
 i - a ring of protection from fire
 r - a ring of positive energy (right hand)
Wands
 b - a wand of iceblast (11)
 j - a wand of acid (5)
 m - a wand of polymorph (11)
Scrolls
 e - 2 scrolls of teleportation
 l - 2 scrolls of holy word
Potions
 d - 2 potions of lignification {unknown}
 f - 3 potions of haste
 g - a potion of heal wounds {unknown}
 k - a potion of mutation
 n - 4 potions of curing {unknown}
 u - a potion of brilliance {unknown}


   Skills:
 + Level 7.6 Fighting
 + Level 3.6 Short Blades
 + Level 3.6 Long Blades
 + Level 5.9 Axes
 + Level 3.6 Maces & Flails
 + Level 3.6 Polearms
 + Level 3.6 Staves
 + Level 3.6 Slings
 + Level 3.6 Bows
 + Level 3.6 Crossbows
 + Level 3.6 Throwing
 + Level 5.9 Armour
 + Level 4.5 Dodging
 + Level 3.6 Stealth
 + Level 3.6 Shields
 + Level 3.6 Unarmed Combat
 + Level 3.6 Spellcasting
 + Level 3.0 Conjurations
 + Level 3.0 Hexes
 + Level 3.0 Summonings
 + Level 3.0 Necromancy
 + Level 3.0 Translocations
 + Level 3.0 Transmutations
 + Level 3.0 Fire Magic
 + Level 3.0 Ice Magic
 + Level 3.0 Air Magic
 + Level 3.0 Earth Magic
 + Level 3.0 Poison Magic
 + Level 6.2 Invocations
 + Level 3.6 Evocations


You had 14 spell levels left.
You didn't know any spells.
Your spell library contained the following spells:

 Spells                   Type           Power      Damage    Failure   Level
 Ensorcelled Hibernation  Hex/Ice        8%         N/A       93%         2
 Static Discharge         Conj/Air       4%         N/A       93%         2
 Tukima's Dance           Hex            4%         N/A       99%         3
 Lightning Bolt           Conj/Air       2%         1d13      100%        5
 Maxwell's Capacitive Co  Air            2%         ∞         100%        8


Dungeon Overview and Level Annotations

Branches:
Dungeon (6/15)             Temple (0/1) D:4

Altars:

Annotations:
D:3 8 runed translucent doors, Palle's ghost, amateur TrFi
D:5 1 runed translucent door


Innate Abilities, Weirdness & Mutations

You have very sharp teeth.
Your uncanny sense of smell can sniff out nearby items.
Your experience applies equally to all skills.
You are agile. (Dex +2)
You are dopey. (Int -2)
You are strong-willed. (Will+)
You are covered in fur. (AC +1)
Your spells are a little easier to cast, but a little less powerful.


Message History

The ice beast hits you but does no damage.
Throw: 6 darts (poison)
Press: ? - help, Q - select action, (/) - cycle Shift-Dir - straight line, f/p - ogre
Aim: an ogre, wielding a +0 giant club (77% to hit)
You throw a poisoned dart.
The poisoned dart barely misses the ogre.
The ice beast hits you but does no damage.
The ogre hits you with a +0 giant club!
Throw: 5 darts (poison)
Press: ? - help, Q - select action, (/) - cycle Shift-Dir - straight line, f/p - ogre
Aim: an ogre, wielding a +0 giant club (76% to hit)
You throw a poisoned dart. The poisoned dart hits the ogre.
The ogre is poisoned.
The ice beast closely misses you.
Throw: 4 darts (poison)
Press: ? - help, Q - select action, (/) - cycle Shift-Dir - straight line, f/p - ogre
Aim: an ogre, wielding a +0 giant club (poisoned, 76% to hit)
You throw a poisoned dart. The poisoned dart hits the ogre.
The ogre looks even sicker.
The ogre hits you with a +0 giant club!!
* * * LOW HITPOINT WARNING * * *
Okay, then.
Space bends around you!
You blink.
The ogre looks more healthy.
Space bends around you!
You blink.
The ice beast closely misses you.
There is a stone staircase leading up here.
The ogre closely misses you.
You climb upwards.
Level annotation: 1 runed translucent door
There is a stone staircase leading down here.
Space bends around you!
You blink.
The ogre hits you with a +0 giant club.
* * * LOW HITPOINT WARNING * * *
Throw: 3 darts (poison)
Press: ? - help, Q - select action, (/) - cycle Shift-Dir - straight line, f - ogre
Aim: an ogre, wielding a +0 giant club (severely wounded, 77% to hit)
You throw a poisoned dart. The poisoned dart hits the ogre.
The ogre is severely wounded.
Unknown command.
The ogre hits you with a +0 giant club!
You die...

#.# #.#.#.##.####......# #.#
#....>##.#####...#.. #.#
###.####........#### #####.####
#(# ########.# #........# #.##
#.# #.#......# #..###### ##'##
#.#.#.##)# #.......# ##...##
#.#...##.# #O.####.###.....##
#.....##.# #@..###.##.......#
###....#.#>#####....##.#.........
.................................
##.........#####....####+##......
##..####.## #......#≈≈≈#.....#
#..###.## ####.###≈≈≈#....##
#.#.#.## #.# #≈≈≈#...### #.##.##
#.# #≈≈≈##+#... #.####
###.###≈=≈##.#.##


You could see an ogre.

Vanquished Creatures
  An ice beast (D:5)
  3 black bears (D:5)
  An ogre (D:5)
  A necrophage (D:6)
  2 phantoms (D:6)
  2 centaurs
  2 scorpions (D:5)
  A centaur zombie (D:6)
  5 hounds
  A bullfrog skeleton (D:4)
  A centaur skeleton (D:5)
  3 jellies
  3 iguanas
  An orc wizard (D:4)
  2 hound skeletons
  3 gnolls
  6 adders
  A river rat (D:5)
  An adder zombie (D:5)
  The ghost of NoKap the Covert, a weakling GnDe (D:5)
  2 dart slugs
  2 worms
  4 orcs (D:4)
  13 bats
  4 endoplasms
  4 giant cockroaches
  5 goblins
  4 quokkas
  11 ball pythons
  3 frilled lizards
  4 kobolds
  2 rats
99 creatures vanquished.

Notes
Turn   | Place    | Note
-------+----------+-------------------------------------------
     0 | Abyss:1  | Gargoyl the Gnoll Abyssal Knight began the quest for the
                  | Orb.
     0 | Abyss:1  | Reached XP level 1. HP: 23/23 MP: 3/3
    53 | Abyss:2  | Found a corrupted altar of Lugonu.
    83 | Abyss:2  | Noticed a worldbinder
    89 | D:1      | Escaped the Abyss
   232 | D:1      | Reached * piety under Lugonu
   407 | D:1      | Found a faded altar of an unknown god.
   531 | D:1      | Reached XP level 2. HP: 26/29 MP: 5/5
  1254 | D:2      | Reached XP level 3. HP: 11/35 MP: 6/6
  1775 | D:2      | Reached skill level 1 in Short Blades
  1775 | D:2      | Reached skill level 1 in Long Blades
  1775 | D:2      | Reached skill level 1 in Maces & Flails
  1775 | D:2      | Reached skill level 1 in Polearms
  1775 | D:2      | Reached skill level 1 in Staves
  1775 | D:2      | Reached skill level 1 in Slings
  1775 | D:2      | Reached skill level 1 in Bows
  1775 | D:2      | Reached skill level 1 in Crossbows
  1775 | D:2      | Reached skill level 1 in Throwing
  1775 | D:2      | Reached skill level 1 in Stealth
  1775 | D:2      | Reached skill level 1 in Shields
  1775 | D:2      | Reached skill level 1 in Unarmed Combat
  1775 | D:2      | Reached skill level 1 in Spellcasting
  1775 | D:2      | Reached skill level 1 in Evocations
  1780 | D:2      | Reached XP level 4. HP: 37/41 MP: 7/7
  2257 | D:2      | Reached ** piety under Lugonu
  2258 | D:2      | Reached skill level 1 in Conjurations
  2258 | D:2      | Reached skill level 1 in Hexes
  2258 | D:2      | Reached skill level 1 in Summonings
  2258 | D:2      | Reached skill level 1 in Necromancy
  2258 | D:2      | Reached skill level 1 in Translocations
  2258 | D:2      | Reached skill level 1 in Transmutations
  2258 | D:2      | Reached skill level 1 in Fire Magic
  2258 | D:2      | Reached skill level 1 in Ice Magic
  2258 | D:2      | Reached skill level 1 in Air Magic
  2258 | D:2      | Reached skill level 1 in Earth Magic
  2258 | D:2      | Reached skill level 1 in Poison Magic
  2661 | D:3      | Found a large runed translucent door.
  2662 | D:3      | Found a large runed translucent door.
  2662 | D:3      | Found a large runed translucent door.
  2662 | D:3      | Found a large runed translucent door.
  2662 | D:3      | Noticed an ironbound preserver
  2662 | D:3      | Noticed Palle's ghost (amateur TrFi)
  2663 | D:3      | Found a large runed translucent door.
  2663 | D:3      | Found a large runed translucent door.
  2663 | D:3      | Noticed a vault warden
  2664 | D:3      | Found a large runed translucent door.
  2664 | D:3      | Found a large runed translucent door.
  2820 | D:3      | Reached XP level 5. HP: 47/47 MP: 8/8
  3090 | D:4      | Found a staircase to the Ecumenical Temple.
  3388 | D:4      | Reached skill level 5 in Invocations
  3388 | D:4      | Reached XP level 6. HP: 31/53 MP: 9/9
  3832 | D:4      | Reached skill level 5 in Axes
  3832 | D:4      | Reached skill level 5 in Armour
  4243 | D:5      | Entered Level 5 of the Dungeon
  4461 | D:5      | Gained mutation: You are strong-willed. (Will+) [potion of
                  | mutation]
  4461 | D:5      | Gained mutation: You have hidden genetic defects. [potion
                  | of mutation]
  4461 | D:5      | Gained mutation: You are agile. (Dex +2) [potion of
                  | mutation]
  4461 | D:5      | Gained mutation: You are covered in fur. (AC +1) [potion of
                  | mutation]
  4529 | D:5      | Reached XP level 7. HP: 58/59 MP: 10/10
  4531 | D:5      | Gained mutation: You are dopey. (Int -2) [hidden defects]
  4596 | D:5      | Reached skill level 7 in Fighting
  4699 | D:5      | Found a runed translucent door.
  4702 | D:5      | Noticed NoKap's ghost (weakling GnDe)
  4708 | D:5      | Gained mutation: Your spells are a little easier to cast,
                  | but a little less powerful. [hidden defects]
  4708 | D:5      | Lost mutation: You have hidden genetic defects. [hidden
                  | defects expressed]
  4720 | D:5      | Killed NoKap's ghost
  4724 | D:5      | Found a runed translucent door.
  5185 | D:5      | Reached XP level 8. HP: 67/67 MP: 12/12
  6092 | D:6      | Reached *** piety under Lugonu
  6315 | D:5      | HP: 3/67 [ogre (2)]
  6322 | D:5      | Slain by an ogre

Illustrated notes

Levels and vault maps discovered:
D:1:      onia_arrival_mini_maze_b, layout_loops_ring,
          ebering_ecumenical_altar_box
D:2:      layout_rooms, chequers_serial_rivers_micro_d
D:3:      layout_rooms, advil_vaults_ghost_lines
D:4:      minmay_diamond_boxcup, layout_loops_ring,
          minmay_temple_entry_stoned_glass, kennysheep_doodads,
          grunt_decor_arrowhead, kennysheep_crisscross, minmay_misc_feat_chi
D:5:      layout_loops_corners, ebering_ghost_sewer_f
D:6:      layout_cave_pools, uniq_edmund, uniq_sigmund, uniq_crazy_yiuf_cottage

Skill      XL: |  1  2  3  4  5  6  7  8 |
---------------+-------------------------+-----
Short Blades   | 1 2 3 |  3.6
Long Blades    | 1 2 3 |  3.6
Maces & Flails | 1 2 3 |  3.6
Polearms       | 1 2 3 |  3.6
Staves         | 1 2 3 |  3.6
Slings         | 1 2 3 |  3.6
Bows           | 1 2 3 |  3.6
Crossbows      | 1 2 3 |  3.6
Throwing       | 1 2 3 |  3.6
Stealth        | 1 2 3 |  3.6
Shields        | 1 2 3 |  3.6
Unarmed Combat | 1 2 3 |  3.6
Spellcasting   | 1 2 3 |  3.6
Evocations     | 1 2 3 |  3.6
Conjurations   | 1 2 3 |  3.0
Hexes          | 1 2 3 |  3.0
Summonings     | 1 2 3 |  3.0
Necromancy     | 1 2 3 |  3.0
Translocations | 1 2 3 |  3.0
Transmutations | 1 2 3 |  3.0
Fire Magic     | 1 2 3 |  3.0
Ice Magic      | 1 2 3 |  3.0
Air Magic      | 1 2 3 |  3.0
Earth Magic    | 1 2 3 |  3.0
Poison Magic   | 1 2 3 |  3.0
Dodging        | 3 4 |  4.5
Invocations    | 5 6 |  6.2
Axes           | 5 |  5.9
Armour         | 5 |  5.9
Fighting       | 7 |  7.6

Action                   |  1- 3 |  4- 6 |  7- 9 || total
-------------------------+-------+-------+-------++-------
Melee: Hand axe          |    99 |   181 |   166 ||   446
       Bite              |     7 |    16 |    16 ||    39
       Punch             |       |       |     2 ||     2
Throw: Dart              |       |       |    39 ||    39
Invok: Depart the Abyss  |     1 |       |       ||     1
       Bend Space        |       |       |     3 ||     3
  Use: Scroll            |     5 |     7 |       ||    12
       Potion            |       |     1 |     1 ||     2
Armor: Chain mail        |    84 |   180 |   189 ||   453
       Leather armour    |     1 |       |       ||     1
Dodge: Dodged            |    32 |    94 |    90 ||   216

Table legend: (Time is in decaauts)
 A = Elapsed time spent in this place.
 B = Non-inter-level travel time spent in this place.
 C = Inter-level travel time spent in this place.
 D = Time resting spent in this place.
 E = Time spent auto-exploring this place.
 F = Levels seen in this place.
 G = Mean time per level.
                   A        B        C        D        E       F      G
               +--------+--------+--------+--------+--------+-----+--------+
         Total |   6347 |   6233 |    114 |    463 |   4590 |   8 |  793.4 |
       Dungeon |   6258 |   6144 |    114 |    463 |   4551 |   6 | 1043.0 |
         Abyss |     88 |     88 |      0 |      0 |     39 |   2 |   44.0 |
               +--------+--------+--------+--------+--------+-----+--------+

Top non-repeatable levels by time:
     D:5: 1528 daAuts
     D:4: 1364 daAuts
     D:1: 1362 daAuts
     D:2: 896 daAuts
     D:3: 738 daAuts
     D:6: 369 daAuts
 Abyss:1: 45 daAuts
 Abyss:2: 43 daAuts
